 Dungeon Crawl Stone Soup version 0.24.0-1-gfbc8707122 (webtiles) character file.

Game seed: 10716041163770464005, levelgen mode: deterministic

158 theswoord the Cudgeler (level 5, 0/41 HPs)
             Began as a Demonspawn Abyssal Knight on Oct 28, 2019.
             Was a Believer of Lugonu.
             Killed from afar by an orc wizard (8 damage)
             ... with a magic dart
             ... on level 3 of the Dungeon.
             The game lasted 00:04:39 (2552 turns).

theswoord the Cudgeler (Demonspawn Abyssal Knight)  Turns: 2552, Time: 00:04:41

Health: 0/41       AC:  5    Str: 15    XL:     5   Next: 16%
Magic:  6/6        EV: 13    Int: 13    God:    Lugonu [**....]
Gold:   91         SH:  0    Dex: 13    Spells: 4/4 levels left

rFire    . . .     SeeInvis .   i - +1 whip
rCold    . . .     Gourm    .   (no shield)
rNeg     . . .     Faith    .   g - +0 ring mail
rPois    .         Spirit   .   (helmet restricted)
rElec    .         Reflect  .   (no cloak)
rCorr    .         Harm     .   (no gloves)
MR       .....     Rnd*Rage +   (no boots)
Stlth    +.........             (no amulet)
HPRegen  0.13/turn              (no ring)
MPRegen  0.10/turn              (no ring)

@: no status effects
A: antennae 1, repulsion field 2, berserk 1, powered by pain 1, strong 1,
MP-powered wands
a: Depart the Abyss, Bend Space, Renounce Religion


You were on level 3 of the Dungeon.
You worshipped Lugonu.
Lugonu was pleased with you.
You were not hungry.

You visited 1 branch of the dungeon, and saw 3 of its levels.
You visited the Abyss 1 time.

You collected 91 gold pieces.

Inventory:

Hand Weapons
 a - a +1 mace
 i - a +1 whip (weapon)
Armour
 b - a +0 leather armour
 g - a +0 ring mail (worn)
Scrolls
 e - a scroll of teleportation
 k - 2 scrolls of enchant weapon
 l - a scroll of identify
Potions
 j - a potion of mutation
 n - a potion of berserk rage {unknown}
Comestibles
 c - 3 rations
 f - 7 chunks of flesh


   Skills:
 - Level 3.0 Fighting
 + Level 5.0 Maces & Flails
 - Level 1.7 Armour
 - Level 0.8 Dodging
 - Level 2.4 Invocations


You had 4 spell levels left.
You didn't know any spells.
Your spell library was empty.

Dungeon Overview and Level Annotations

Branches:
Dungeon (3/15)

Altars:
Xom


Innate Abilities, Weirdness & Mutations

You are surrounded by a moderate repulsion field. (EV +3)
You sometimes gain a little power by taking damage.
You have a pair of small antennae on your head.
You tend to lose your temper in combat.
Your muscles are strong. (Str +2)
You expend magic power (3 MP) to strengthen your wands.


Message History

* * * LOW HITPOINT WARNING * * *
An orc comes into view. It is wielding a +0 trident.
You feel yourself speed up.
The orc wizard hits you with a +0 dagger.
* * * LOW HITPOINT WARNING * * *
The orc wizard misses you.
The orc priest hits you with a +2 long sword of protection.
* * * LOW HITPOINT WARNING * * *
It was a potion of cancellation.
Your magical effects are unravelling.
You feel magically purged.
You feel yourself slow down. The orc wizard completely misses you.
It was a potion of mutation.
You feel extremely strange. A pair of antennae grows on your head!
You feel stronger.
You feel a little pissed off.
You feel your magical essence link to the dungeon's wands.
The orc wizard points at you and mumbles some strange words.
The magic dart hits you!
You die...

*,****,****,* #.* *,
*,****,* *,* #.* *,
*,*,,,,* *,* #.* *,
*,*,**** *,* #.* *,
*,,,,******,* #.#####*,
*,,,,,,,,,,,* #...,.#**
**,,,******** #..#*.# *
*#.##############.##.###
#.wSlo@o.$>............
#..###############.(###
*,,* #..# * *,,*
#####..### *,,*
####......... *,,*
##....###..### *,,**
#....## #..#** *,,,*
#...#.#*#..#*, *,*,*
####..###.##..#*,


You could see an orc priest, an orc wizard, an adder, a dart slug and a leopard
gecko.

Vanquished Creatures
  A centaur skeleton (D:2)
  Terence (D:3)
  4 adders
  2 oozes
  3 dart slugs
  3 leopard geckos
  2 orcs (D:3)
  6 bats
  2 giant cockroaches
  7 goblins
  3 hobgoblins
  3 jackals (D:1)
  5 kobolds
  3 quokkas
  A ball python (D:1)
  2 frilled lizards (D:1)
  3 rats
51 creatures vanquished.

Notes
Turn   | Place    | Note
-------+----------+-------------------------------------------
     0 | Abyss:1  | theswoord the Demonspawn Abyssal Knight began the quest for
                  | the Orb.
     0 | Abyss:1  | Reached XP level 1. HP: 18/18 MP: 2/2
     6 | D:1      | Escaped the Abyss
    30 | D:1      | Reached skill level 2 in Maces & Flails
    98 | D:1      | Gained mutation: You are surrounded by a mild repulsion
                  | field. (EV +2) [demonic ancestry]
    98 | D:1      | Reached XP level 2. HP: 18/24 MP: 3/3
   213 | D:1      | HP: 1/24 [something (2)]
   732 | D:1      | Reached skill level 3 in Maces & Flails
   779 | D:1      | Reached ** piety under Lugonu
  1148 | D:1      | Gained mutation: You are surrounded by a moderate repulsion
                  | field. (EV +3) [demonic ancestry]
  1148 | D:1      | Reached XP level 3. HP: 22/29 MP: 4/4
  1645 | D:2      | Reached skill level 4 in Maces & Flails
  1645 | D:2      | Gained mutation: You sometimes gain a little power by
                  | taking damage. [demonic ancestry]
  1645 | D:2      | Reached XP level 4. HP: 20/35 MP: 5/5
  2094 | D:2      | Found a shimmering altar of Xom.
  2437 | D:3      | Noticed Terence
  2450 | D:3      | Killed Terence
  2450 | D:3      | Reached XP level 5. HP: 35/41 MP: 6/6
  2540 | D:3      | Reached skill level 5 in Maces & Flails
  2552 | D:3      | Gained mutation: You have a pair of small antennae on your
                  | head. [potion of mutation]
  2552 | D:3      | Gained mutation: Your muscles are strong. (Str +2) [potion
                  | of mutation]
  2552 | D:3      | Gained mutation: You tend to lose your temper in combat.
                  | [potion of mutation]
  2552 | D:3      | Gained mutation: You expend magic power (3 MP) to
                  | strengthen your wands. [potion of mutation]
  2552 | D:3      | Killed from afar by an orc wizard

Skill      XL: |  1  2  3  4  5 |
---------------+----------------+-----
Maces & Flails | 2 3 4 5 |  5.0
Fighting       | |  3.0
Armour         | |  1.7
Dodging        | |  0.8
Invocations    | |  2.4

Action                   |  1- 3 |  4- 6 || total
-------------------------+-------+-------++-------
Melee: Mace              |    54 |       ||    54
       Whip              |    72 |   105 ||   177
  Use: Scroll            |     4 |     2 ||     6
       Potion            |       |     4 ||     4
 Stab: Sleeping          |     2 |       ||     2
  Eat: Chunk             |     2 |     3 ||     5
Armor: Leather armour    |    31 |       ||    31
       Ring mail         |     7 |    21 ||    28
Dodge: Dodged            |    64 |    59 ||   123

Levels and vault maps discovered:
D:1:      tarquinn_simple_flora_water_c, layout_loops_ring, minmay_3d_cube
D:2:      layout_loops_ring, overflow_temple_1_default
D:3:      layout_loops_ring, chequers_temple_overflow_minitemple,
          corner_web_ring, uniq_crazy_yiuf_cottage, uniq_terence, uniq_jessica
